Map: Cyber Forest LE

Players

oliM - Winner!

  • Race: Protoss Protoss
  • League: Master
  • Spawn Location: 5:00

IIIIIIIIIIII

  • Race: Terran Terran
  • League: Master
  • Spawn Location: 11:00

VOD

Have the link to the VOD?

Description

Time

  • Played on: May 20, 2019, 2:04 p.m.
  • Length: 9:17
Show
View Real Time Build Order
Export as new Build Order

oliM Protoss - Winner!

Build Orders: 1 Gate Expand, Zealot Archon, Dark Templar Rush 

Get SALT Encoding   

  12  0:01  Probe  
  13  0:13  Probe  
  14  0:19  Pylon  
  14  0:25  Probe  
  15  0:34  Probe  
  15  0:38  Gateway  
  16  0:43  Probe  
  16  0:48  Assimilator  
  17  0:52  Probe  
  18  1:04  Probe  
  19  1:16  Probe  
  20  1:27  Nexus  
  20  1:35  Cybernetics Core  
  20  1:38  Probe  
  21  1:45  Assimilator  
  21  1:50  Probe  
  21  1:52  Pylon  
  22  2:02  Probe, Adept  
  23  2:12  Warp Gate  
  23  2:14  Probe  
  26  2:17  Pylon  
  26  2:26  Probe  
  26  2:27  Stalker  
  27  2:30  Twilight Council  
  27  2:41  Probe  
  30  2:44  Probe  
  30  2:51  Probe  
  31  2:56  Probe  
  33  2:59  Probe  
  34  3:07  Probe x2  
  34  3:09  Dark Shrine  
  36  3:15  Probe  
  36  3:19  Probe  
  38  3:23  Probe  
  38  3:26  Gateway  
  38  3:31  Probe  
  38  3:32  Charge  
  40  3:35  Probe  
  41  3:42  Gateway  
  41  3:43  Probe  
  41  3:47  Probe  
  43  3:50  Pylon  
  43  3:52  Probe  
  43  3:54  Assimilator  
  43  3:57  Assimilator  
  43  3:59  Probe  
  45  4:04  Probe  
  45  4:08  Gateway, Probe  
  46  4:10  Gateway  
  46  4:16  Probe  
  46  4:17  Probe  
  48  4:20  Shadow Stride  
  48  4:21  Dark Templar  
  51  4:25  Probe  
  51  4:26  Dark Templar  
  54  4:32  Gateway  
  54  4:42  Gateway  
  54  4:45  Pylon  
  52  4:54  Dark Templar x2  
  56  5:00  Dark Templar  
  56  5:03  Probe x2  
  49  5:15  Probe x2  
  49  5:18  Dark Templar x2  
  55  5:27  Zealot x2, Probe x2  
  61  5:29  Pylon  
  61  5:34  Pylon  
  61  5:37  Dark Templar  
  61  5:39  Probe  
  64  5:43  Dark Templar  
  66  5:52  Dark Templar  
  66  5:53  Zealot x2  
  72  6:00  Zealot  
  72  6:03  Pylon  
  74  6:12  Dark Templar  
  74  6:14  Dark Templar  
  74  6:16  Zealot x2  
  82  6:30  Zealot x2  
  80  6:40  Archon x2  
  68  6:50  Zealot x4  
  68  6:51  Zealot x2  
  76  7:11  Probe  
  73  7:17  Dark Templar x5  
  79  7:43  Archon x2  
  77  7:45  Zealot  
  77  7:47  Probe  
  77  7:50  Zealot x4  
  77  7:51  Zealot, Probe  
  75  8:00  Probe  
  75  8:01  Nexus  
  75  8:04  Probe  
  75  8:10  Zealot x2  
  75  8:11  Zealot x4  
  83  8:13  Probe  
  83  8:16  Probe  
  77  8:24  Robotics Facility  
  77  8:25  Probe  
  76  8:33  Dark Templar x4  
  82  8:34  Dark Templar  
  82  8:39  Dark Templar  
  86  8:53  Probe  
  83  9:14  Dark Templar x2  
  83  9:15  Zealot x4  
Show
View Real Time Build Order
Export as new Build Order

IIIIIIIIIIII Terran 

Build Orders: Reaper Expand 

Get SALT Encoding   

  12  0:01  SCV  
  13  0:13  SCV  
  14  0:17  Supply Depot  
  14  0:25  SCV  
  15  0:38  SCV  
  15  0:40  Barracks  
  16  0:44  Refinery  
  16  0:50  SCV  
  17  1:03  SCV  
  18  1:15  SCV  
  19  1:27  Orbital Command, Reaper  
  20  1:42  Command Center  
  20  1:52  Supply Depot  
  20  1:53  SCV  
  21  2:00  Barracks Reactor  
  21  2:05  SCV  
  21  2:08  Refinery  
  22  2:14  Bunker  
  22  2:17  SCV  
  22  2:22  Factory  
  24  2:30  SCV  
  24  2:35  Marine x2  
  26  2:42  SCV  
  27  2:53  Marine x2  
  27  2:54  SCV  
  27  2:55  Orbital Command  
  30  3:06  SCV  
  30  3:09  Widow Mine  
  30  3:10  Starport  
  30  3:11  Marine  
  30  3:12  Marine  
  35  3:18  SCV  
  36  3:22  SCV  
  36  3:24  Supply Depot  
  37  3:29  Marine  
  37  3:30  Marine, Widow Mine  
  41  3:34  SCV  
  41  3:38  SCV  
  43  3:46  Medivac  
  43  3:48  Marine x2  
  46  3:50  SCV x2, Supply Depot  
  46  3:52  Factory Tech Lab  
  48  4:02  SCV x2  
  50  4:05  Barracks  
  50  4:08  Marine x2  
  50  4:09  Barracks  
  52  4:15  SCV x2  
  54  4:19  Engineering Bay  
  54  4:21  Factory Tech Lab  
  54  4:26  Raven  
  54  4:27  Marine x2  
  54  4:29  SCV x2  
  60  4:32  Refinery  
  60  4:35  Supply Depot  
  60  4:41  SCV  
  60  4:42  SCV  
  62  4:45  Missile Turret  
  62  4:56  Marine x2, SCV x2  
  65  5:06  Marauder, Stimpack  
  61  5:08  SCV x2  
  62  5:18  Marine x2  
  62  5:19  Factory Reactor  
  64  5:22  Terran Infantry Weapons Level 1  
  64  5:24  SCV x2, Starport Reactor  
  64  5:26  Supply Depot  
  66  5:29  Marauder  
  66  5:31  Marauder  
  70  5:36  Refinery  
  70  5:45  Supply Depot  
  70  5:47  Marine x2  
  70  5:48  SCV x2  
  70  5:49  Missile Turret  
  74  5:54  Marauder  
  74  5:55  Marauder  
  77  6:06  Medivac  
  77  6:07  Widow Mine x2, Medivac  
  85  6:11  Marine  
  85  6:12  Marine  
  86  6:22  Supply Depot x2, Bunker  
  86  6:23  Combat Shield  
  86  6:38  Marauder, Widow Mine x2  
  86  6:39  Marauder  
  81  6:44  Marine x2  
  55  6:58  Medivac x2  
  53  7:05  Marine, Marauder x2  
  58  7:17  Widow Mine x2  
  60  7:25  Marine x2  
  57  7:32  Medivac  
  59  7:41  Orbital Command  
  54  7:45  Marine  
  54  7:46  Marauder x2  
  54  7:50  Widow Mine  
  35  8:19  Widow Mine  
  34  8:28  Orbital Command  
  34  8:30  Medivac  
  34  8:38  SCV  
  34  8:40  Marine x4  
  39  8:42  Widow Mine  
  39  8:46  Widow Mine  
  43  8:50  SCV  
  44  8:58  Marine x2  
Tags
 
Add a new tag
Caveats
  • Supply blocks, unpowered buildings, or Contaminate may cause inaccurate times.
  • Supply counts are checked every 10 seconds.